[Event "FIDE World Cup G10-A 2024"]
[Site "Batumi"]
[Date "2024.06.29"]
[Round "7.1"]
[White "Zhang, Jianning"]
[Black "Filippova, Milana"]
[Result "0-1"]
[ECO "D31"]
[WhiteElo "1665"]
[BlackElo "1633"]
[Annotator "NA RC"]
[PlyCount "70"]
[EventDate "2024.06.23"]
[EventType "swiss"]
[EventCountry "GEO"]
[SourceTitle "playchess.com"]
[Source "ChessBase"]
[SourceQuality "1"]
[TimeControl "5400+30"]

1. d4 d5 2. c4 e6 3. Nc3 a6 4. cxd5 exd5 5. Qb3 c5 6. Qxd5 cxd4 7. Qxd8+ Kxd8 8. Nd5 Be6 9. Nb6 Ra7 10. Nf3 Nc6 11. Bf4 Bc5 12. Na4 Bb4+ 13. Bd2 b5 14. Bxb4 Nxb4 15. Rd1 Nc2+ 16. Kd2 Rc7 17. Rc1 Nf6 18. Ng5 Bf5 19. Nb6 h6 20. Nf3 Ne4+ 21. Kd1 Nxf2+ 22. Kd2 Ne4+ 23. Kd3 Nb4+ 24. Kxd4 Rxc1 25. g3 Nf2 26. Rg1 Nc2+ 27. Ke5 Ne3 28. Nd2 Re8+ 29. Kf4 g5+ 30. Kf3 Nfd1 31. h3 g4+ 32. hxg4 Bxg4+ 33. Kf4 Rc5 34. Nd5 Rxd5 35. Bg2 Rf5# 0-1

[Event "FIDE World Cup G10-A 2024"]
[Site "Batumi"]
[Date "2024.06.29"]
[Round "7.2"]
[White "Milner, Romi"]
[Black "Kiyana Parihar"]
[Result "1/2-1/2"]
[ECO "D02"]
[WhiteElo "1866"]
[BlackElo "1559"]
[Annotator "NA RC"]
[PlyCount "174"]
[EventDate "2024.06.23"]
[EventType "swiss"]
[EventCountry "GEO"]
[SourceTitle "playchess.com"]
[Source "ChessBase"]
[SourceQuality "1"]
[TimeControl "5400+30"]

1. d4 d5 2. Nf3 Nf6 3. c3 c5 4. dxc5 e6 5. Bf4 Bxc5 6. e3 Nc6 7. Nbd2 O-O 8. Bd3 Bd6 9. Bg3 Bxg3 10. hxg3 e5 11. e4 Bg4 12. exd5 Qxd5 13. Be2 e4 14. Nh2 Bxe2 15. Qxe2 Ne5 16. O-O Qd3 17. Rfe1 Qxe2 18. Rxe2 Nd3 19. Nxe4 Nxe4 20. Rxe4 Rfe8 21. Rd4 Nxb2 22. Rb4 Nd3 23. Rxb7 Re2 24. Rd1 Nxf2 25. Rf1 Ne4 26. Rfxf7 Re1+ 27. Nf1 Nd2 28. Rxg7+ Kf8 29. Rgf7+ Kg8 30. Rbd7 Nc4 31. Rxh7 Ne3 32. Rhf7 Rb8 33. Rf2 Rf8 34. Rxf8+ Kxf8 35. Kf2 Rd1 36. Rd2 Rxd2+ 37. Nxd2 Nd1+ 38. Kf3 Nxc3 39. a3 Kf7 40. Ke3 Kg6 41. Ne4 Nb5 42. a4 Nc7 43. Nd6 Ne6 44. Nc8 a6 45. Ne7+ Kf7 46. Nc6 Nc5 47. a5 Ke6 48. Kd4 Nb7 49. g4 Kf6 50. Ke4 Kg5 51. Kf3 Nc5 52. Nb4 Nb7 53. Nxa6 Nxa5 54. Nc5 Nc6 55. Ne4+ Kg6 56. Kf4 Nd4 57. Ng3 Ne6+ 58. Ke5 Nc5 59. Ne4 Nd3+ 60. Kd4 Nf4 61. g3 Ne2+ 62. Ke3 Nc1 63. Nc3 Kg5 64. Kf3 Nd3 65. Ne4+ Kg6 66. Nf2 Ne5+ 67. Kf4 Nf7 68. Ne4 Nd8 69. Nd6 Ne6+ 70. Ke5 Ng5 71. Nf5 Nf3+ 72. Kf4 Ng5 73. Nh4+ Kf6 74. Nf3 Nxf3 75. Kxf3 Kg5 76. Kf2 Kxg4 77. Kg2 Kg5 78. Kf3 Kf5 79. g4+ Kg5 80. Kg3 Kg6 81. Kh4 Kh6 82. g5+ Kg6 83. Kg4 Kg7 84. Kf5 Kf7 85. g6+ Kg7 86. Kg5 Kg8 87. Kf6 Kf8 1/2-1/2

[Event "FIDE World Cup G10-A 2024"]
[Site "Batumi"]
[Date "2024.06.29"]
[Round "7.3"]
[White "Khusnitdinova, Husnorakhon"]
[Black "Sim, En Rui Audelle"]
[Result "1/2-1/2"]
[ECO "D00"]
[WhiteElo "1514"]
[BlackElo "1443"]
[Annotator "NA RC"]
[PlyCount "82"]
[EventDate "2024.06.23"]
[EventType "swiss"]
[EventCountry "GEO"]
[SourceTitle "playchess.com"]
[Source "ChessBase"]
[SourceQuality "1"]
[TimeControl "5400+30"]

1. d4 Nf6 2. Nc3 d5 3. Bf4 c6 4. e3 Bf5 5. f3 e6 6. g4 Bg6 7. h4 h6 8. Bd3 Bxd3 9. Qxd3 Bd6 10. Nge2 Na6 11. a3 c5 12. Qb5+ Kf8 13. Bxd6+ Qxd6 14. O-O-O Qc6 15. Qd3 c4 16. Qd2 b5 17. g5 Nd7 18. Na2 Rb8 19. Nb4 Nxb4 20. Qxb4+ Kg8 21. Nf4 Qc7 22. Qe7 Qd8 23. Qxd8+ Rxd8 24. g6 Nf6 25. gxf7+ Kxf7 26. h5 Rhe8 27. Ng6 Nd7 28. e4 Nf6 29. Rh4 a5 30. c3 Rc8 31. Kc2 Kg8 32. Ne5 Re7 33. Rg1 Rb7 34. Rf4 Kh7 35. Ng6 Nxh5 36. Rh4 Nf6 37. e5 Ng8 38. Rf4 Re8 39. Nf8+ Kh8 40. Ng6+ Kh7 41. Rf8 Reb8 1/2-1/2

[Event "FIDE World Cup G10-A 2024"]
[Site "Batumi"]
[Date "2024.06.29"]
[Round "7.4"]
[White "Ahmadli, Mehriban"]
[Black "Rzadkowska, Lila"]
[Result "0-1"]
[ECO "B42"]
[WhiteElo "1686"]
[BlackElo "1696"]
[Annotator "NA RC"]
[PlyCount "80"]
[EventDate "2024.06.23"]
[EventType "swiss"]
[EventCountry "GEO"]
[SourceTitle "playchess.com"]
[Source "ChessBase"]
[SourceQuality "1"]
[TimeControl "5400+30"]

1. e4 c5 2. Nf3 e6 3. d4 cxd4 4. Nxd4 a6 5. Bd3 Bc5 6. Nb3 Ba7 7. Qe2 d6 8. Be3 Nf6 9. Bxa7 Rxa7 10. Nc3 b5 11. O-O-O b4 12. Nb1 Nbd7 13. f4 Qc7 14. N1d2 e5 15. f5 a5 16. Nc4 a4 17. Na1 a3 18. b3 d5 19. exd5 Nxd5 20. Rde1 Nc3 21. Qf2 Nxa2+ 22. Kb1 Nc3+ 23. Kc1 O-O 24. g4 Ba6 25. g5 f6 26. h4 Qc5 27. Qxc5 Nxc5 28. gxf6 gxf6 29. Rhg1+ Rg7 30. Rxg7+ Kxg7 31. Rg1+ Kh8 32. Kd2 e4 33. Bf1 Rd8+ 34. Ke3 Rd1 35. h5 Bxc4 36. bxc4 Rxa1 37. h6 Rd1 38. Rg7 Rd7 39. Rg1 a2 40. Bh3 Nd1+ 0-1

[Event "FIDE World Cup G10-A 2024"]
[Site "Batumi"]
[Date "2024.06.29"]
[Round "7.5"]
[White "Samhita Pungavanam"]
[Black "Zhumambayeva Aliya"]
[Result "0-1"]
[ECO "B22"]
[WhiteElo "1596"]
[BlackElo "1625"]
[Annotator "NA RC"]
[PlyCount "74"]
[EventDate "2024.06.23"]
[EventType "swiss"]
[EventCountry "GEO"]
[SourceTitle "playchess.com"]
[Source "ChessBase"]
[SourceQuality "1"]
[TimeControl "5400+30"]

1. e4 c5 2. Nf3 e6 3. c3 Nf6 4. e5 Nd5 5. d4 cxd4 6. cxd4 d6 7. Bc4 Nb6 8. Bd3 Nc6 9. O-O Be7 10. Nc3 d5 11. Be3 O-O 12. Nd2 f5 13. f4 Bb4 14. Rf3 Bd7 15. Rh3 Be8 16. Be2 Rc8 17. Bh5 g6 18. Bf3 Na5 19. Rc1 Bxc3 20. bxc3 Nbc4 21. Nxc4 Nxc4 22. Bf2 Qa5 23. Qc2 Ba4 24. Qe2 Rc6 25. Bh4 Nb6 26. Be7 Rfc8 27. Qf2 Rxc3 28. Rf1 Rc1 29. Be2 Rxf1+ 30. Bxf1 Rc1 31. Qh4 Rxf1+ 32. Kxf1 Qb5+ 33. Kf2 Qb2+ 34. Kg3 Qc3+ 35. Kf2 Qd2+ 36. Kf3 Bd1+ 37. Kg3 Qe3# 0-1

[Event "FIDE World Cup G10-A 2024"]
[Site "Batumi"]
[Date "2024.06.29"]
[Round "7.6"]
[White "Saltkhutsishvili, Sara"]
[Black "Norkulova, Malika"]
[Result "0-1"]
[ECO "B90"]
[WhiteElo "1555"]
[BlackElo "1669"]
[Annotator "NA RC"]
[PlyCount "88"]
[EventDate "2024.06.23"]
[EventType "swiss"]
[EventCountry "GEO"]
[SourceTitle "playchess.com"]
[Source "ChessBase"]
[SourceQuality "1"]
[TimeControl "5400+30"]

1. e4 c5 2. Nf3 d6 3. d4 cxd4 4. Nxd4 Nf6 5. Nc3 a6 6. h3 e6 7. Be3 Be7 8. Qd2 b5 9. a3 Bb7 10. f3 Nbd7 11. g4 Nb6 12. O-O-O Rc8 13. Qf2 Nfd7 14. Kb1 Bh4 15. Qg1 Be7 16. g5 d5 17. exd5 Nxd5 18. Nxd5 Bxd5 19. Be2 Qc7 20. Rc1 Qa5 21. Qe1 b4 22. Bd2 Qb6 23. Be3 bxa3 24. b3 Bc5 25. Rd1 Bxb3 26. Nxb3 Bxe3 27. Bxa6 Ra8 28. Bb5 Qxb5 29. Qxe3 a2+ 30. Ka1 O-O 31. h4 Rfc8 32. Qd2 Qe5+ 33. Nd4 Nb6 34. Rhe1 Qc5 35. Rc1 Nc4 36. Qc3 Ra3 37. Nb3 Qb5 38. Qd4 Na5 39. Nxa5 Rxa5 40. Red1 g6 41. Qf6 Raa8 42. Rh1 Rcb8 43. Rhd1 Qb1+ 44. Rxb1 axb1=Q# 0-1

[Event "FIDE World Cup G10-A 2024"]
[Site "Batumi"]
[Date "2024.06.29"]
[Round "7.7"]
[White "Babazade, Khadija"]
[Black "Nguyen Doan, Bao Anh Angelina"]
[Result "0-1"]
[ECO "E00"]
[WhiteElo "1541"]
[BlackElo "1611"]
[Annotator "NA RC"]
[PlyCount "51"]
[EventDate "2024.06.23"]
[EventType "swiss"]
[EventCountry "GEO"]
[SourceTitle "playchess.com"]
[Source "ChessBase"]
[SourceQuality "1"]
[TimeControl "5400+30"]

1. d4 Nf6 2. c4 e6 3. a3 c5 4. d5 exd5 5. cxd5 d6 6. Nc3 g6 7. Bg5 Bg7 8. e4 O-O 9. Bd3 Re8 10. Nge2 a6 11. O-O b5 12. Qd2 Nbd7 13. f4 Qb6 14. Kh1 c4 15. Bc2 Nc5 16. Qe3 Qc7 17. e5 dxe5 18. fxe5 Ng4 19. Qd2 Bxe5 20. h3 Bxc3 21. Qf4 Qxf4 22. Nxf4 Ne3 23. Rfc1 Bxb2 24. Re1 Bxa1 25. d6 Bd7 26. Kg1 0-1

[Event "FIDE World Cup G10-A 2024"]
[Site "Batumi"]
[Date "2024.06.29"]
[Round "7.8"]
[White "Asatiani, Natali"]
[Black "Lukas, Olivia"]
[Result "1-0"]
[ECO "A52"]
[WhiteElo "1505"]
[BlackElo "1540"]
[Annotator "NA RC"]
[PlyCount "189"]
[EventDate "2024.06.23"]
[EventType "swiss"]
[EventCountry "GEO"]
[SourceTitle "playchess.com"]
[Source "ChessBase"]
[SourceQuality "1"]
[TimeControl "5400+30"]

1. d4 Nf6 2. c4 e5 3. dxe5 Ng4 4. Nf3 Bc5 5. e3 Nc6 6. Nc3 Ncxe5 7. Nxe5 Nxe5 8. b3 O-O 9. g3 Qf6 10. Bb2 Bb4 11. Rc1 Qc6 12. Qd5 Qf6 13. Bg2 d6 14. a3 Be6 15. Qd1 Bg4 16. Qc2 Nf3+ 17. Kf1 Bxc3 18. Qxc3 Ne5 19. h3 Bf3 20. Bxf3 Qxf3 21. Rg1 f6 22. Qd2 Qf5 23. Qd5+ Kh8 24. g4 Qg5 25. f4 Qh4 26. Qg2 Nd3 27. Rd1 Nxb2 28. Qxb2 Qxh3+ 29. Kf2 Rfe8 30. Rd3 Re4 31. Rg3 Qh2+ 32. Rg2 Qh4+ 33. Rg3 Rae8 34. Qd2 h6 35. Kf3 Qh1+ 36. Rg2 Qa1 37. a4 Qf1+ 38. Kg3 Qa1 39. Kf3 Qa3 40. Rg1 Qc5 41. Re1 Qc6 42. Kf2 Qd7 43. Kf3 g5 44. f5 Qe7 45. Kg3 Qe5+ 46. Kf3 h5 47. Rh1 h4 48. Rh3 Qe7 49. Rc3 b6 50. Rd3 Qe5 51. Rc3 a5 52. Rd3 Qa1 53. Kf2 Rxg4 54. Qd1 Qxd1 55. Rxd1 Rge4 56. Rd3 R8e5 57. Kf3 g4+ 58. Kg2 gxh3+ 59. Kxh3 Rxe3+ 60. Rxe3 Rxe3+ 61. Kxh4 Rg3 62. Kxg3 Kg7 63. Kg4 c6 64. Kf4 Kf7 65. Ke4 Ke7 66. Kd4 d5 67. cxd5 cxd5 68. Kxd5 Kd7 69. Kc4 Kc6 70. Kd4 Kd6 71. Kc4 Ke5 72. Kb5 Kxf5 73. Kxb6 Ke5 74. Kxa5 f5 75. Kb4 f4 76. Kc3 Kd5 77. Kd3 Kc5 78. Ke4 Kb4 79. Kxf4 Kxb3 80. a5 Kc4 81. a6 Kd4 82. a7 Kd5 83. a8=Q+ Kd4 84. Qe4+ Kc5 85. Qd3 Kc6 86. Qd4 Kc7 87. Qd5 Kb6 88. Qc4 Ka5 89. Qb3 Ka6 90. Qb4 Ka7 91. Qb5 Ka8 92. Ke5 Ka7 93. Kd6 Ka8 94. Kc7 Ka7 95. Qb7# 1-0

[Event "FIDE World Cup G10-A 2024"]
[Site "Batumi"]
[Date "2024.06.29"]
[Round "7.11"]
[White "Shubitidze, Barbare"]
[Black "Khelfallah, Ikhlas"]
[Result "0-1"]
[ECO "C53"]
[WhiteElo "1534"]
[BlackElo "1456"]
[Annotator "NA RC"]
[PlyCount "36"]
[EventDate "2024.06.23"]
[EventType "swiss"]
[EventCountry "GEO"]
[SourceTitle "playchess.com"]
[Source "ChessBase"]
[SourceQuality "1"]
[TimeControl "5400+30"]

1. e4 e5 2. Nf3 Nc6 3. Bc4 Bc5 4. c3 Qe7 5. d4 Bb6 6. d5 Nd8 7. O-O Nf6 8. b3 O-O 9. Ba3 d6 10. h3 Nxe4 11. Qe2 Ng3 12. Qe1 Nxf1 13. Kxf1 Re8 14. Nbd2 e4 15. Nh2 Qe5 16. g3 Bxh3+ 17. Kg1 Qxg3+ 18. Kh1 Qg2# 0-1